 Dungeon Crawl Stone Soup version 0.26.0-11-g8f856b5395 (webtiles) character file.

Game seed: 15841136697299814868

264249 EnegeticOcto the Severer (level 20, -20/127 HPs)
             Began as a Gargoyle Fighter on Jan 15, 2021.
             Was the Champion of the Shining One.
             Killed from afar by a lich (32 damage)
             ... with a crystal spear
             ... on level 2 of the Depths.
             The game lasted 00:27:26 (27186 turns).

EnegeticOcto the Severer (Gargoyle Fighter)        Turns: 27186, Time: 00:27:26

Health: -20/127    AC: 41    Str: 23    XL:     20   Next: 79%
Magic:  28/31      EV: 12    Int: 15    God:    the Shining One [******]
Gold:   753        SH: 30    Dex:  9    Spells: 19/19 levels left

rFire    + . .     SeeInvis .   D - +9 broad axe (flame)
rCold    + + .     Faith    +   E - +4 kite shield
rNeg     + + +     Spirit   .   m - +5 ice dragon scales "Damnable Contraption" {rF- rC++ Will+}
rPois    ∞         Reflect  .   z - +2 helmet
rElec    +         Harm     .   A - +0 cloak
rCorr    .         Rampage  .   l - +2 pair of gloves
Will     ++...                  (no boots)
Stlth    ..........             c - amulet of faith
HPRegen  0.31/turn              O - ring of protection from fire
MPRegen  0.22/turn              J - ring of protection from fire

@: divine shield, glowing
A: big wings, negative energy resistance 1, electricity resistance, unbreathing,
evolution 1, petrification resistance, miasma immunity, AC +15
a: Fly, Renounce Religion, Divine Shield, Cleansing Flame, Summon Divine
Warrior, Brand Weapon With Holy Wrath


You were on level 2 of the Depths.
You worshipped the Shining One.
The Shining One was exalted by your worship.
You visited 3 branches of the dungeon, and saw 19 of its levels.
You also visited: Trove and Bailey.

You collected 2123 gold pieces.
You spent 1370 gold pieces at shops.

Inventory:

Hand Weapons
 D - a +9 broad axe of flaming (weapon)
   (You took it off a skeletal warrior on level 10 of the Dungeon)
Armour
 l - a +2 pair of gloves (worn)
   (You found it on level 2 of the Dungeon)
 m - the +5 ice dragon scales "Damnable Contraption" (worn) {rF- rC++ Will+}
   (You found it on level 10 of the Dungeon)

   It makes you vulnerable to fire.
   It greatly protects you from cold.
   It affects your willpower, your defense against some magical effects.
 o - a +4 plate armour of fire resistance
   (You found it on level 10 of the Dungeon)
 z - a +2 helmet (worn)
   (You found it on level 3 of the Depths)
 A - a +0 cloak (worn)
   (You found it on level 8 of the Dungeon)
 E - a +4 kite shield (worn)
   (You found it in a treasure trove)
Jewellery
 c - an amulet of faith (around neck)
   (You found it on level 2 of the Depths)
 j - the amulet "Kanoa" {Acrobat rF+}
   (You found it on level 3 of the Depths)

   [amulet of the acrobat]

   It helps you evade while moving and waiting.
   It protects you from fire.
 w - an uncursed ring of willpower
   (You found it on level 9 of the Dungeon)
 x - an uncursed ring of magical power
   (You found it on level 8 of the Dungeon)
 H - a +4 ring of slaying
   (You found it on level 15 of the Dungeon)
 J - a ring of protection from fire (right hand)
   (You found it on level 14 of the Dungeon)
 O - a ring of protection from fire (left hand)
   (You bought it in a shop on level 11 of the Dungeon)
Wands
 a - a wand of digging (6) {@v3}
   (You found it on level 15 of the Dungeon)
 h - a wand of flame (40) {@v4}
   (You found it on level 10 of the Dungeon)
 B - a wand of polymorph (21)
   (You found it on level 15 of the Dungeon)
 F - a wand of paralysis (14)
   (You found it on level 13 of the Dungeon)
 G - a wand of enslavement (18)
   (You found it on level 12 of the Dungeon)
 M - a wand of iceblast (10) {@v2}
   (You found it on level 14 of the Dungeon)
 Q - a wand of acid (4) {@v1}
   (You took it off a rakshasa on level 3 of the Depths)
Scrolls
 b - 6 scrolls of blinking {@r4}
 e - 3 scrolls of vulnerability
 f - 14 scrolls of teleportation {@r3 !r}
 s - 4 scrolls of magic mapping {@r5 !r}
 y - 11 scrolls of remove curse {@r2}
 I - 3 scrolls of immolation
 L - 2 scrolls of summoning
Potions
 d - 7 potions of might {@q3 !q}
 g - 4 potions of cancellation
 i - 4 potions of brilliance
 k - a potion of lignification {@q6}
 n - 2 potions of attraction
 q - 6 potions of curing {@q1 !q}
 r - 4 potions of resistance
 t - 4 potions of heal wounds {@q2 !q}
 u - 12 potions of ambrosia
 v - 3 potions of mutation
 C - 2 potions of magic
 K - 4 potions of haste {@q4 !q}
 R - a potion of berserk rage
Miscellaneous
 N - a tin of tremorstones (2/2)
   (You found it on level 3 of the Depths)
 P - a phantom mirror
   (You found it on level 3 of the Depths)


   Skills:
 + Level 14.2 Fighting
 * Level 18.9 Axes
 - Level 10.0 Armour
 + Level 6.1 Dodging
 + Level 14.3 Shields
 * Level 15.6 Invocations


You had 19 spell levels left.
You didn't know any spells.
Your spell library contained the following spells:

 Spells                   Type           Power        Failure   Level
 Magic Dart               Conj           0%           58%         1
 Summon Small Mammal      Summ           0%           58%         1
 Blink                    Tloc           N/A          73%         2
 Call Imp                 Summ           0%           73%         2
 Slow                     Hex            0%           73%         2
 Call Canine Familiar     Summ           0%           91%         3
 Conjure Flame            Conj/Fire      0%           91%         3
 Frozen Ramparts          Ice            0%           91%         3
 Mephitic Cloud           Conj/Pois/Air  0%           91%         3
 Summon Guardian Golem    Hex/Summ       0%           91%         3
 Animate Dead             Necr           0%           100%        4
 Cause Fear               Hex            0%           100%        4
 Leda's Liquefaction      Hex/Erth       0%           100%        4
 Summon Ice Beast         Ice/Summ       0%           100%        4
 Summon Lightning Spire   Summ/Air       0%           100%        4
 Borgnjor's Vile Clutch   Necr/Erth      0%           100%        5
 Silence                  Hex/Air        0%           100%        5
 Yara's Violent Unravell  Hex/Tmut       0%           100%        5
 Death Channel            Necr           0%           100%        6
 Simulacrum               Ice/Necr       0%           100%        6
 Discord                  Hex            0%           100%        8


Dungeon Overview and Level Annotations

Branches:
Dungeon (15/15)            Temple (1/1) D:7            Lair (0/6) D:10
    Orc (0/2) D:10         Vaults (0/5) D:14         Depths (3/5) D:15
 Bailey (visited)

Altars:
Ashenzari
Cheibriados
Dithmenos
Elyvilon
Fedhas
Gozag
Hepliaklqana
Kikubaaqudgha
Makhleb
Nemelex Xobeh
Okawaru
Qazlal
Ru
Sif Muna
Trog
Uskayaw
Vehumet
Wu Jian
Xom
Yredelemnul
Zin
The Shining One
Lugonu

Shops:
D:6 (!((!   D:10 (   D:11 =   Depths:1 ?}

Portals:
Hell: Depths:1 Depths:2 Depths:3
Abyss: D:5 Depths:3
Pandemonium: Depths:3

Annotations:
D:8 exclusion: oklob plant
D:11 2 transporters, Saltbearer's ghost, journeyman MiFi
Depths:1 1 runed translucent door


Innate Abilities, Weirdness & Mutations

You are resistant to torment.
Your stone body is resilient. (AC +15)
You are immune to poison.
Your large and strong wings let you fly indefinitely.
You resist negative energy. (rN+)
You are resistant to electric shocks. (rElec)
You can survive without breathing.
You are immune to petrification.
You are immune to miasma.
You evolve.


Message History

No target in view!
No target in view!
Things that are here:
a +2 demon whip of freezing; a +0 robe; a +0 buckler
Found a ring mail and a robe.
Things that are here:
a +2 demon whip of freezing; a +0 robe; a +0 buckler
Found 15 sling bullets.
You pick up a book of Unlife and begin reading...
You add the spells Animate Dead, Death Channel and Simulacrum to your library.
I - 3 scrolls of immolation (gained 1)
An ice dragon comes into view.
The ice dragon roars deafeningly!
The ice dragon moves out of view.
An ice dragon is nearby!
An ice dragon is nearby!
You slice the ice dragon!! You burn the ice dragon.
The ice dragon is moderately wounded.
The ice dragon bites you but does no damage.
The ice dragon barely misses you. x2
You slash the ice dragon! You burn the ice dragon!
The ice dragon is severely wounded.
The ice dragon bites you but does no damage.
The ice dragon claws you but does no damage.
You block the ice dragon's attack.
You slash the ice dragon! You burn the ice dragon.
The ice dragon is severely wounded.
You slash the ice dragon! You burn the ice dragon.
The ice dragon is almost dead.
The ice dragon breathes frost at you. The blast of cold hits you. You resist.
You hear a shout!
You slash the ice dragon! You burn the ice dragon.
You kill the ice dragon!
No target in view!
No target in view!
No target in view!
No target in view!
No target in view!
No target in view!
No target in view!
No target in view!
No target in view!
No target in view!
A titan comes into view.
A titan is nearby!
A titan is nearby!
The titan waves its arms in wide circles.
The air twists around and strikes you!!
A lich comes into view.
The lich moves out of view.
You slash the titan! You burn the titan.
The titan is lightly wounded.
The titan points at you and mumbles some strange words.
The bolt of lightning hits you! You resist.
You slice the titan!! You burn the titan!
The titan is heavily wounded.
The titan hits you but does no damage.
You hit the titan. You burn the titan.
The titan is severely wounded.
The titan casts a spell.
The titan is healed somewhat.
You hit the titan. You burn the titan.
The titan is heavily wounded.
The titan hits you but does no damage.
You slash the titan! You burn the titan.
The titan is severely wounded.
The lich mumbles some strange words.
The lich seems to speed up.
You slash the titan! You burn the titan.
The titan is almost dead.
You block the titan's attack.
You slash the titan! You burn the titan.
The titan is almost dead.
The lich gestures at you while chanting.
The crystal spear hits you!! The titan hits you!
You are too injured to fight recklessly!
You are too injured to fight recklessly!
You are too injured to fight recklessly!
You are too injured to fight recklessly!
You are too injured to fight recklessly!
You are too injured to fight recklessly!
You are too injured to fight recklessly!
You are too injured to fight recklessly!
You are too injured to fight recklessly!
You are too injured to fight recklessly!
You are too injured to fight recklessly!
You are too injured to fight recklessly!
You are too injured to fight recklessly!
You are too injured to fight recklessly!
You are too injured to fight recklessly!
You are too injured to fight recklessly!
You are too injured to fight recklessly!
Your shield is strengthened by the Shining One's divine power.
The titan waves its arms in wide circles.
The air twists around and strikes you!!
* * * LOW HITPOINT WARNING * * *
The lich casts a spell at you. The crystal spear hits you!!
You die...

.......#####..#.#..#####.........
.......#..[#..#.#..# ..#.........
.......#..##..#.#..##..#.........
.......#[#.##.#.#[##†# #.........
.......####)###.###.####.........
....###...##.......##...###.....°
...## #....#.>...8.#....# ##.....
..## ######.......###### ##....
.## ......⌠@........ ##... ..##
######...C...###### ##.... ...##
#.?.)#.8...L.#....# ##.....
#...###[..##.......##...###((...[
##.....####.###.###.####.[...(...
.......# #.##.#.#/##. #.........
##.....# . #..#.#..##. #.....[(..
#####.# #..#.#..# ..#.....([..
#.#####(.# #..#####.........


You could see a titan and a lich (fast).

Vanquished Creatures
  Mara (Depths:1)
  A caustic shrike (shapeshifter) (Depths:3)
  A titan (Depths:3)
  Rupert (D:14)
  A lich (Depths:2)
  A deep elf blademaster (Depths:3)
  Agnes (D:14)
  2 storm dragons (shapeshifter) (Depths:3)
  A sphinx (Depths:3)
  3 tengu reavers (Depths:3)
  2 azure jellies (shapeshifter) (Depths:3)
  4 fire giants
  A ghost moth (Depths:3)
  5 frost giants
  An iron dragon (Depths:3)
  2 iron dragons (shapeshifter) (Depths:3)
  A spriggan defender (Depths:2)
  6 stone giants
  4 war gargoyles (Depths:3)
  9 very ugly things
  A vampire knight (Depths:2)
  Nessos (D:14)
  2 spark wasps (Depths:3)
  2 deep elf annihilators (Depths:3)
  4 ettins
  A merfolk javelineer (Depths:1)
  A crystal guardian (Depths:3)
  4 fire dragons
  A fire dragon (shapeshifter) (Depths:3)
  2 boulder beetles
  4 hydras
  3 great orbs of eyes
  An ice dragon (Depths:2)
  7 rakshasas
  6 spriggan air magi
  A catoblepas (D:13)
  7 centaur warriors
  6 two-headed ogres
  A death knight (D:9)
  2 ogre magi
  5 deep troll shamans (Depths:2)
  5 deep troll earth magi
  2 hell hogs (Depths:2)
  2 vampire magi (Depths:2)
  3 tengu warriors
  A dancing weapon (Depths:3)
  4 hell knights
  An iron troll (shapeshifter) (Depths:1)
  A skeletal warrior (D:10)
  An iron troll (Depths:2)
  9 deep trolls (Depths:2)
  A deep troll (shapeshifter) (Depths:3)
  6 unseen horrors
  A flayed ghost (Depths:2)
  Pikel (D:8)
  5 wizards
  5 orc knights
  A lindwurm (shapeshifter) (Depths:3)
  3 necromancers
  An orc sorcerer (D:15)
  A deep elf mage (D:15)
  27 ugly things
  A wolf spider (D:15)
  A shining eye (shapeshifter) (Depths:3)
  3 cyclopes
  A centaur zombie (D:15)
  2 naga magi
  6 gargoyles
  A kobold demonologist (D:12)
  Maggie (D:7)
  15 yaktaurs
  3 komodo dragons
  2 efreet (D:14)
  A tengu conjurer (D:15)
  3 meliai (D:12)
  A queen bee (D:12)
  7 trolls
  Prince Ribbit (D:8)
  12 slime creatures
  A slime creature (shapeshifter) (Depths:3)
  A raiju (shapeshifter) (Depths:1)
  A harpy skeleton (D:15)
  A meliai zombie (D:15)
  A snapping turtle (shapeshifter) (Depths:3)
  A centaur simulacrum (D:15)
  3 vampires
  2 wraiths (D:14)
  27 yaks
  A basilisk (shapeshifter) (D:15)
  A basilisk (D:12)
  A water elemental (Depths:1)
  4 wyverns
  Grum (D:8)
  16 humans (D:14)
  A steam dragon (D:10)
  8 vampire mosquitoes
  A harpy simulacrum (D:14)
  A soldier ant (shapeshifter) (Depths:2)
  A soldier ant (D:12)
  Duvessa (D:4)
  2 acid dragons
  4 hell hounds (Depths:2)
  2 water moccasins
  5 ice beasts
  12 orc warriors
  8 sky beasts
  2 eyes of draining
  17 ogres
  2 boggarts (Depths:2)
  3 wolves (D:8)
  2 necrophages (D:13)
  9 centaurs
  9 bullfrogs
  Dowan (D:4)
  4 scorpions
  A water moccasin skeleton (D:8)
  29 killer bees
  6 wights
  An electric eel (D:6)
  2 howler monkeys
  2 bullfrog zombies
  4 hounds
  12 orc wizards
  Crazy Yiuf (D:2)
  A gnoll shaman (D:5)
  8 orc priests
  5 centaur skeletons
  4 jellies
  2 bullfrog skeletons
  3 iguanas
  16 worker ants
  3 hound zombies
  A worker ant zombie (D:11)
  12 gnolls
  15 adders
  A shadow imp (D:5)
  6 white imps
  3 ufetubi
  2 oozes
  2 adder zombies
  3 worms
  An adder skeleton (D:6)
  6 dart slugs
  6 leopard geckos
  86 orcs
  2 ball pythons
  5 giant cockroaches
  8 hobgoblins
  25 jackals
  7 kobolds
  4 quokkas
  4 bats
  5 frilled lizards
  16 goblins
  4 rats
  A lurking horror (D:5)
734 creatures vanquished.

Vanquished Creatures (others)
  A hell hog (Depths:2)
  A boggart (Depths:2)
  A quokka (D:14)
  A lurking horror (D:5)
  13 plants
17 creatures vanquished.

Grand Total: 751 creatures vanquished

Notes
Turn   | Place    | Note
-------+----------+-------------------------------------------
     0 | D:1      | EnegeticOcto the Gargoyle Fighter began the quest for the
                  | Orb.
     0 | D:1      | Reached XP level 1. HP: 14/14 MP: 1/1
    75 | D:1      | Reached skill level 2 in Axes
    86 | D:1      | Reached XP level 2. HP: 19/19 MP: 2/2
   457 | D:1      | Reached XP level 3. HP: 21/23 MP: 3/3
  1257 | D:2      | Reached XP level 4. HP: 29/29 MP: 4/4
  1312 | D:2      | You fall into a shaft and drop 1 floor!
  1603 | D:3      | Reached skill level 3 in Axes
  1606 | D:3      | Reached skill level 4 in Fighting
  1606 | D:3      | Reached skill level 4 in Armour
  1606 | D:3      | Reached skill level 4 in Shields
  1606 | D:3      | Reached XP level 5. HP: 25/33 MP: 5/5
  2488 | D:2      | Found a runed translucent door.
  2489 | D:2      | Noticed Crazy Yiuf
  2726 | D:2      | Killed Crazy Yiuf
  2727 | D:2      | Reached XP level 6. HP: 39/39 MP: 6/6
  3473 | D:4      | Reached skill level 4 in Axes
  3967 | D:4      | Noticed Duvessa
  3970 | D:4      | Noticed Dowan
  3975 | D:3      | Reached XP level 7. HP: 44/44 MP: 7/7
  4088 | D:3      | Found a stormy altar of Qazlal.
  4115 | D:4      | Killed Duvessa
  4140 | D:4      | HP: 2/44 [Dowan/stone arrow (14)]
  4142 | D:4      | Killed Dowan
  4143 | D:4      | Reached skill level 5 in Fighting
  4143 | D:4      | Reached skill level 5 in Armour
  4143 | D:4      | Reached skill level 5 in Shields
  4347 | D:4      | Reached skill level 5 in Axes
  4592 | D:4      | You fall into a shaft and drop 3 floors!
  4592 | D:7      | Found a staircase to the Ecumenical Temple.
  4598 | Temple   | Entered the Ecumenical Temple
  4894 | Temple   | Became a worshipper of the Shining One
  4967 | D:6      | Reached XP level 8. HP: 37/50 MP: 8/8
  5072 | D:6      | Found Agof's Antique Weapon Shop.
  5102 | D:6      | Found Dostupt's Distillery.
  5132 | D:5      | Entered Level 5 of the Dungeon
  5209 | D:5      | Found a snail-covered altar of Cheibriados.
  5299 | D:5      | Reached skill level 6 in Axes
  5518 | D:5      | Reached skill level 6 in Fighting
  5527 | D:5      | Reached skill level 6 in Shields
  5558 | D:5      | You fall into a shaft and drop 1 floor!
  5595 | D:5      | Reached * piety under the Shining One
  5604 | D:5      | Reached skill level 6 in Armour
  5681 | D:5      | Found a one-way gate to the infinite horrors of the Abyss.
  5683 | D:5      | Found a corrupted altar of Lugonu.
  5902 | D:5      | Reached XP level 9. HP: 50/56 MP: 7/9
  6072 | D:6      | Bought 2 potions of heal wounds for 130 gold pieces
  6094 | D:6      | Found Neebrong's Weapon Emporium.
  6164 | D:6      | Found Tuusoism's Distillery.
  6179 | D:6      | Reached skill level 7 in Axes
  6221 | D:6      | Found Kobicu's Weapon Shoppe.
  6576 | D:7      | Noticed Maggie
  6585 | D:7      | Killed Maggie
  6740 | D:7      | Reached skill level 7 in Fighting
  6740 | D:7      | Reached skill level 7 in Shields
  6741 | D:7      | Reached skill level 7 in Armour
  7286 | D:8      | Noticed Pikel
  7313 | D:8      | Killed Pikel
  7314 | D:8      | Reached skill level 8 in Axes
  7314 | D:8      | Reached XP level 10. HP: 63/63 MP: 10/10
  7514 | D:8      | Noticed Grum
  7514 | D:8      | Reached ** piety under the Shining One
  7523 | D:8      | Killed Grum
  7718 | D:8      | Found a blossoming altar of Fedhas.
  7741 | D:8      | Noticed an oklob plant
  7870 | D:8      | Noticed Prince Ribbit
  8255 | D:8      | Reached skill level 8 in Fighting
  8255 | D:8      | Reached skill level 8 in Shields
  8648 | D:8      | Killed Prince Ribbit
  8649 | D:8      | Reached skill level 8 in Armour
  8812 | D:9      | Reached skill level 9 in Axes
  9043 | D:9      | Noticed a two-headed ogre
  9053 | D:9      | Killed a two-headed ogre
  9054 | D:9      | Reached XP level 11. HP: 41/69 MP: 11/11
  9460 | D:9      | Noticed a centaur warrior
  9472 | D:9      | Killed a centaur warrior
  9473 | D:9      | Reached skill level 10 in Axes
  9608 | D:9      | Reached skill level 9 in Fighting
  9608 | D:9      | Reached skill level 9 in Armour
  9608 | D:9      | Reached skill level 9 in Shields
  9881 | D:10     | Entered Level 10 of the Dungeon
  9894 | D:10     | Noticed a cyclops
  9894 | D:10     | Noticed a death knight
  9896 | D:10     | Noticed a centaur warrior
  9898 | D:10     | Noticed a skeletal warrior
 10246 | D:9      | Killed a death knight
 10403 | D:10     | Reached skill level 1 in Invocations
 10491 | D:10     | Reached *** piety under the Shining One
 10532 | D:10     | Identified the Handbook of Congealing Earth
 10535 | D:10     | Got spiked ice dragon scales
 10547 | D:10     | Killed a cyclops
 10599 | D:10     | Killed a centaur warrior
 10600 | D:10     | Reached skill level 2 in Invocations
 10616 | D:10     | Found a portal to a secret trove of treasure.
 10644 | Trove    | Entered a treasure trove
 10685 | Trove    | Got a slimy bronze ring
 10687 | Trove    | Got a transparent jade ring
 10689 | Trove    | Identified the ring "Wyczoh Zima" {*Corrode +Fly rF+ EV+4
                  | Str+5} (You found it in a treasure trove)
 10785 | D:10     | Found Zoxuh's Antique Weapon Shop.
 11007 | D:9      | Identified the ring of Cowardice {Ice rElec rN+} (You found
                  | it in a treasure trove)
 11042 | D:9      | Identified the +5 ice dragon scales "Damnable Contraption"
                  | {rF- rC++ Will+} (You found it on level 10 of the Dungeon)
 11191 | D:10     | Found a staircase to the Lair.
 11223 | D:10     | Found a staircase to the Orcish Mines.
 11544 | D:10     | Killed a skeletal warrior
 11545 | D:10     | Reached skill level 3 in Invocations
 12040 | D:11     | Found Paez Jitt's Jewellery Shoppe.
 12040 | D:11     | Noticed a brown ugly thing
 12052 | D:11     | Killed a brown ugly thing
 12112 | D:11     | Reached XP level 12. HP: 63/77 MP: 14/14
 12115 | D:11     | Reached skill level 11 in Axes
 12127 | D:11     | Noticed Saltbearer's ghost (journeyman MiFi)
 12201 | D:11     | Found a transporter.
 12205 | D:11     | Found a transporter.
 12321 | D:11     | Reached skill level 4 in Invocations
 12680 | D:11     | Reached skill level 10 in Fighting
 12680 | D:11     | Reached skill level 10 in Armour
 12680 | D:11     | Reached skill level 10 in Shields
 12936 | D:12     | Reached skill level 5 in Invocations
 12994 | D:12     | Noticed a boulder beetle
 13007 | D:12     | Killed a boulder beetle
 13028 | D:12     | Reached skill level 6 in Invocations
 13462 | D:12     | Noticed a six-headed hydra
 13469 | D:12     | Killed a one-headed hydra
 13470 | D:12     | Reached skill level 7 in Invocations
 13696 | D:12     | Reached skill level 12 in Axes
 13703 | D:12     | Reached XP level 13. HP: 77/83 MP: 18/18
 14488 | D:13     | Reached skill level 8 in Invocations
 14619 | D:13     | Reached skill level 11 in Shields
 14677 | D:13     | Got a glittering zirconium amulet
 14730 | D:13     | Reached skill level 11 in Fighting
 14793 | D:13     | Noticed a fire dragon
 14806 | D:13     | Killed a fire dragon
 15220 | D:14     | Found a gate to the Vaults.
 15220 | D:14     | Noticed Rupert
 15220 | D:14     | Noticed Nessos
 15230 | D:14     | Reached skill level 9 in Invocations
 15263 | D:14     | Killed Rupert
 15315 | D:14     | Reached skill level 13 in Axes
 15352 | D:14     | Killed Nessos
 15353 | D:14     | Reached skill level 10 in Invocations
 15353 | D:14     | Gained mutation: Your large and strong wings let you fly
                  | indefinitely. [Gargoyle growth]
 15353 | D:14     | Reached XP level 14. HP: 18/90 MP: 9/21
 15513 | D:14     | Found a flagged portal.
 15523 | Bailey   | Entered a bailey
 15885 | Bailey   | Reached **** piety under the Shining One
 16655 | D:14     | Found a white marble altar of Elyvilon.
 16815 | D:14     | Noticed Agnes
 16828 | D:14     | Killed Agnes
 16829 | D:14     | Reached skill level 12 in Shields
 16829 | D:14     | Reached skill level 11 in Invocations
 17360 | D:6      | Bought a potion of haste for 120 gold pieces
 17360 | D:6      | Bought a potion of experience for 600 gold pieces
 17360 | D:6      | Bought a potion of resistance for 120 gold pieces
 17360 | D:6      | Reached skill level 14 in Axes
 17360 | D:6      | Reached XP level 15. HP: 96/96 MP: 23/23
 17361 | D:6      | Reached skill level 15 in Axes
 17361 | D:6      | Reached XP level 16. HP: 101/101 MP: 24/24
 17362 | D:6      | Reached skill level 16 in Axes
 17362 | D:6      | Reached XP level 17. HP: 106/106 MP: 25/25
 17363 | D:6      | Reached XP level 18. HP: 112/112 MP: 26/26
 17449 | D:11     | Identified the amulet "Cistycic" {RegenMP SInv} (You found
                  | it on level 13 of the Dungeon)
 17528 | D:15     | Entered Level 15 of the Dungeon
 17532 | D:15     | Reached skill level 12 in Fighting
 17992 | D:15     | Reached skill level 17 in Axes
 18115 | D:15     | Reached ***** piety under the Shining One
 18130 | D:15     | Found a staircase to the Depths.
 18700 | D:11     | Bought an uncursed ring of protection from fire for 400
                  | gold pieces
 18804 | Depths:1 | Entered Level 1 of the Depths
 19150 | Depths:1 | Reached skill level 1 in Dodging
 19158 | Depths:1 | Reached skill level 12 in Invocations
 19551 | Depths:1 | Reached skill level 2 in Dodging
 19590 | Depths:1 | Found Awumukho's Magic Scroll Emporium.
 19595 | Depths:1 | Found Daeff's Gadget Emporium.
 19608 | Depths:1 | Reached XP level 19. HP: 118/118 MP: 28/28
 19622 | Depths:1 | Paralysed by a floating eye for 4 turns
 20127 | Depths:1 | Noticed Mara
 20148 | Depths:1 | Noticed EnegeticOcto's illusion
 20150 | Depths:1 | Killed Mara
 20374 | Depths:1 | Found a runed translucent door.
 20426 | Depths:1 | Reached skill level 3 in Dodging
 20429 | Depths:1 | Reached skill level 13 in Invocations
 20984 | Depths:1 | Found a gateway to Hell.
 21302 | Depths:2 | Reached skill level 13 in Shields
 21309 | Depths:2 | Reached skill level 13 in Fighting
 21684 | Depths:2 | Reached ****** piety under the Shining One
 22138 | Depths:2 | Found a broken altar of Ashenzari.
 22162 | Depths:2 | Reached skill level 4 in Dodging
 22168 | Depths:2 | Reached skill level 18 in Axes
 23190 | Depths:2 | Reached skill level 14 in Invocations
 23302 | Depths:2 | Paralysed by a great orb of eyes for 7 turns
 23877 | Depths:3 | Reached XP level 20. HP: 57/125 MP: 30/30
 24110 | Depths:3 | Got a translucent steel amulet
 24119 | Depths:3 | Noticed a caustic shrike
 24119 | Depths:3 | an iron dragon changed into a caustic shrike
 24131 | Depths:3 | Killed a caustic shrike
 24304 | Depths:3 | Reached skill level 5 in Dodging
 25055 | Depths:3 | Reached skill level 15 in Invocations
 25221 | Depths:3 | Reached skill level 14 in Shields
 25526 | Depths:3 | Found a one-way gate leading to the halls of Pandemonium.
 25543 | Depths:3 | Reached skill level 14 in Fighting
 25833 | Depths:3 | Gained mutation: You evolve. [a shining eye]
 26637 | Depths:3 | Reached skill level 6 in Dodging
 27096 | Depths:3 | Identified the amulet "Kanoa" {Acrobat rF+} (You found it
                  | on level 3 of the Depths)
 27186 | Depths:2 | Killed from afar by a lich

Illustrated notes

Levels and vault maps discovered:
D:1:      dpeg_arrival_brainrot, layout_loops_corners
D:2:      layout_loops_ring, uniq_crazy_yiuf_cottage
D:3:      lemuel_upstairs_altar, layout_loops_ring
D:4:      layout_cave_pools, amcnicky_mini_corridor_feature, uniq_duvessa
D:5:      layout_rooms, cheibrodos_worm_habitat,
          amcnicky_altar_lugonu_corruption
D:6:      layout_rooms, serial_shops, shop, nicolae_shop_waterfront,
          nicolae_shop_stone, shop, nicolae_shop_waterfront
D:7:      layout_basic, minmay_temple_entry_large_hall, uniq_maggie
D:8:      layout_loops_corners, tgw_fedhas, uniq_grum, uniq_prince_ribbit1,
          uniq_pikel
D:9:      layout_rooms
D:10:     minmay_the_grid_square_5x5_3x3 [minmay_the_grid_square_5x5_percent,
          minmay_the_grid_square_5x5_pentomino_r,
          minmay_the_grid_square_5x5_two, minmay_the_grid_square_5x5_minimal,
          minmay_the_grid_square_5x5_megaprize_open,
          minmay_the_grid_square_5x5_gyroscope, minmay_the_grid_square_5x5_z,
          minmay_the_grid_square_5x5_inner_z,
          minmay_the_grid_square_5x5_inverted_slash], layout_loops_cross,
          dpeg_oklobed_lair, serial_shops, nicolae_shop_trees, enter_trove_1
D:11:     layout_basic, gammafunk_ghost_hive, serial_shops, nicolae_shop_trees
D:12:     layout_roguey, special_room [special_room_bee],
          amcnicky_mini_pool_small, onia_ninara_cookie
D:13:     dragon1_lemuel, layout_irregular_city, skrybe_limestone_x, hex_tiny
D:14:     layout_loops_ring, david_vaults_3, enter_bailey_5, wad_woods_river_04,
          elyvilon_altar_4, uniq_agnes
D:15:     grunt_enter_depths_magical_seal, layout_basic
Temple:   regret_index_temple_sigil_plot
Depths:1: layout_gridlike, abandoned_shop, hangedman_tar_grid_catacomb,
          lightli_gold_pyramid, minmay_shop_star, uniq_asterion, uniq_mara
Depths:2: minmay_inside_and_out, layout_cave_shapes, ashenzari_altar_1,
          grunt_hell_horde, chequers_serial_rivers_marsh, lemuel_nasty_fountain,
          minmay_staircase_statues_hall_small
Depths:3: hangedman_crystal_crosses_colossus [crystal_crosses_arms_four,
          crystal_crosses_arms_two, crystal_crosses_arms_two,
          crystal_crosses_arms_one], pan_entry, hell_entry, abyss_entry

Skill      XL: |  1  2  3  4  5  6  7  8  9 10 11 12 13 14 15 16 17 18 19 20 |
---------------+-------------------------------------------------------------+-----
Axes           | 2 3 4 5 6 8 9 10 12 13 14 15 16 17 18 | 18.9
Fighting       | 4 5 6 7 8 9 10 11 12 13 14 | 14.2
Armour         | 4 5 6 7 8 9 10 | 10.0
Shields        | 4 5 6 7 8 9 10 11 12 13 14 | 14.3
Invocations    | 3 7 10 11 12 14 15 | 15.6
Dodging        | 2 4 6 |  6.1

Action                   |  1- 3 |  4- 6 |  7- 9 | 10-12 | 13-15 | 16-18 | 19-21 || total
-------------------------+-------+-------+-------+-------+-------+-------+-------++-------
Melee: War axe           |    97 |   312 |   477 |   419 |       |       |       ||  1305
       Broad axe         |       |       |       |   213 |   349 |   223 |   776 ||  1561
Invok: Divine Shield     |       |       |       |       |     3 |     1 |     4 ||     8
       Cleansing Flame   |       |       |       |       |       |       |     1 ||     1
 Abil: Fly               |       |       |       |       |     1 |       |       ||     1
       Stop Flying       |       |       |       |       |       |       |     1 ||     1
Evoke: Wand              |       |       |       |       |    24 |       |     1 ||    25
  Use: Scroll            |       |     8 |     2 |    16 |     8 |     2 |     8 ||    44
       Potion            |       |       |       |     2 |     5 |     2 |     2 ||    11
 Stab: Invisible         |       |     1 |       |       |       |       |       ||     1
Armor: Scale mail        |    67 |    11 |       |       |       |       |       ||    78
       Plate armour      |       |   212 |   362 |   406 |   140 |       |       ||  1120
       Ice dragon scales |       |       |       |       |    80 |   109 |   416 ||   605
Dodge: Dodged            |    49 |    51 |    84 |   117 |   111 |    45 |   229 ||   686
Block: Kite shield       |    67 |   192 |   245 |   392 |   339 |   164 |   492 ||  1891
